 Dungeon Crawl Stone Soup version 0.17-a0-2231-gd80ca38 (webtiles) character file.

692 M4edhros the Covert (level 7, 0/43 HPs)
             Began as an Octopode Artificer on Oct 29, 2015.
             Slain by a mummy (14 damage)
             ... in an ossuary.
             The game lasted 00:04:53 (3125 turns).

M4edhros the Covert (Octopode Artificer)            Turns: 3125, Time: 00:04:53

Health: 0/43       AC:  1    Str: 10    XL:     7   Next: 63%
Magic:  11/11      EV: 12    Int: 12    God:
Gold:   117        SH:  0    Dex: 13    Spells: 0 memorised, 6 levels left

rFire  . . .     SeeInvis .     h - +0 spear
rCold  . . .     Clarity  +     (no shield)
rNeg   . . .     SustAt   .     (helmet restricted)
rPois  .         Gourm    .     (no amulet)
rElec  +         Spirit   .     (no ring)
rCorr  .         Warding  .     (no ring)
rMut   .         Stasis   .     (no ring)
MR     .....                    (no ring)
Stlth  ++++++....               (no ring)
                                (no ring)
                                (no ring)
                                (no ring)

@: invisible, not resistant to hostile enchantments, very stealthy
A: almost no armour, amphibious, 8 rings, constrict 8, tentacle spike 1,
camouflage 1, blink, clarity, clumsy 1, dopey 1, electricity resistance,
gelatinous body 1
a: Blink


You were in an ossuary.
You were hungry.

You visited 1 branch of the dungeon, and saw 4 of its levels.
You also visited: Ossuary.

You collected 117 gold pieces.

Inventory:

Hand Weapons
 a - a +0 short sword
 h - a +0 spear (weapon)
Missiles
 l - 2 throwing nets (quivered)
Wands
 b - a wand of flame (10)
 c - a wand of enslavement (14)
 d - a wand of random effects (11)
Scrolls
 f - 2 scrolls of random uselessness
 m - a scroll of magic mapping
 o - a scroll of teleportation
 q - a scroll of immolation
 t - 2 scrolls of noise
Potions
 g - 2 potions of flight
 j - 2 potions of curing
 k - 2 potions of invisibility
 n - a potion of cancellation
 p - 2 potions of brilliance {unknown}
 s - a potion of magic {unknown}
Comestibles
 e - 2 bread rations


   Skills:
 - Level 1.0 Fighting
 - Level 1.0 Short Blades
 - Level 2.0 Dodging
 * Level 9.6 Stealth
 + Level 6.0 Evocations


You had 6 spell levels left.
You didn't know any spells.

Dungeon Overview and Level Annotations

Branches:
Dungeon (4/15)
 Temple: D:4-7

Altars:
Makhleb
Nemelex Xobeh

Annotations:
D:3 Sigmund


Innate Abilities, Weirdness & Mutations

You cannot wear most types of armour.
You are amphibious.
You can wear up to eight rings at the same time.
You can use your tentacles to constrict eight enemies at once.
Your skin changes colour to match your surroundings (Stealth).
Your rubbery body absorbs attacks (AC +1).
One of your tentacles bears a spike.
You can translocate small distances at will.
You possess an exceptional clarity of mind.
You are clumsy. (Dex -2)
You are dopey. (Int -2)
You are resistant to electric shocks.


Message History

There is a gate leading back out of this place here.
You completely miss the mummy. You grab the mummy. You constrict the mummy.
The mummy hits you!!
You barely miss the mummy. You constrict the mummy.
A centaur zombie comes into view.
You hit the mummy.
The mummy is moderately damaged.
You constrict the mummy. The mummy hits you!
Drink which item? (? for menu, Esc to quit)
Okay, then.
You hit the mummy.
You pierce the mummy, but do no damage.
The mummy is heavily damaged.
You constrict the mummy.
A human zombie comes into view.
Drink which item? (? for menu, Esc to quit)
Okay, then.
Drink which item? (? for menu, Esc to quit)
You fade into invisibility!
You constrict the mummy. The mummy hits you!
You die...

###.### ##.....##
#Z.....Z# ....... .....
.Z. #Z# #M# ## ###@###
#### ##Z. ##.....##
##...## #.... #.......#
#.....#
#.....###...∩...###.....##
M......+...∩∩∩...'.......#
#.....###...∩...###.....##
#.... #.......# #.....#
##Z. ##.....## ##...## ##
###.### ####


You could see a mummy, a centaur zombie and a human zombie.

Vanquished Creatures
  Grinder (D:3)
  Eustachio (D:4)
  2 elf zombies (Ossuary)
  A centaur zombie (Ossuary)
  A human zombie (Ossuary)
  A hound (D:3)
  A mummy (Ossuary)
  4 adders
  A gnoll (D:3)
  An ooze (D:2)
  5 worms
  A giant gecko (D:2)
  A ball python (D:3)
  2 giant cockroaches
  2 hobgoblins
  8 jackals
  4 bats
  4 giant newts
  10 goblins
  A hobgoblin zombie (D:4)
  4 kobolds
  4 rats
60 creatures vanquished.

Vanquished Creatures (collateral kills)
  A gnoll (D:3)
1 creature vanquished.

Vanquished Creatures (others)
  A gnoll (D:3)
  A hobgoblin (D:3)
  A quokka (D:3)
3 creatures vanquished.

Grand Total: 64 creatures vanquished

Notes
Turn   | Place    | Note
--------------------------------------------------------------
     0 | D:1      | M4edhros the Octopode Artificer began the quest for the Orb.
     0 | D:1      | Reached XP level 1. HP: 13/13 MP: 3/3
   158 | D:2      | Reached XP level 2. HP: 18/18 MP: 4/4
   253 | D:3      | Noticed Sigmund
   847 | D:2      | Reached XP level 3. HP: 16/23 MP: 5/5
   878 | D:2      | Reached skill level 4 in Stealth
  1109 | D:3      | Reached XP level 4. HP: 13/28 MP: 5/7
  1413 | D:3      | Found a sparkling altar of Nemelex Xobeh.
  1514 | D:3      | Reached skill level 5 in Stealth
  1525 | D:3      | Noticed Grinder
  1603 | D:3      | Killed Grinder
  1603 | D:3      | Reached skill level 7 in Stealth
  1603 | D:3      | Reached skill level 5 in Evocations
  1603 | D:3      | Reached XP level 5. HP: 11/33 MP: 8/8
  1603 | D:3      | Reached XP level 6. HP: 12/38 MP: 9/9
  2056 | D:3      | Gained mutation: One of your tentacles bears a spike. [potion of mutation]
  2056 | D:3      | Gained mutation: You are dopey. (Int -2) [potion of mutation]
  2056 | D:3      | Gained mutation: You can translocate small distances at will. [potion of mutation]
  2057 | D:3      | Gained mutation: You are clumsy. (Dex -2) [potion of mutation]
  2057 | D:3      | Gained mutation: You are resistant to electric shocks. [potion of mutation]
  2057 | D:3      | Gained mutation: You possess an exceptional clarity of mind. [potion of mutation]
  2122 | D:4      | Found a burning altar of Makhleb.
  2246 | D:4      | Noticed Eustachio
  2255 | D:4      | Killed Eustachio
  2255 | D:4      | Reached skill level 8 in Stealth
  2255 | D:4      | Reached XP level 7. HP: 30/43 MP: 9/11
  2270 | D:4      | Found a sand-covered staircase.
  2305 | Ossuary  | Entered an ossuary
  2411 | Ossuary  | Reached skill level 9 in Stealth
  3125 | Ossuary  | Slain by a mummy

Vault maps used:
D:1:      dpeg_arrival_three_bigger_balls, grunt_decor_resistance
D:3:      minmay_door_path, nemelex_altar_shiori, uniq_sigmund, uniq_grinder
D:4:      lemuel_doored_altar, enter_ossuary_3, uniq_duvessa, uniq_eustachio
Ossuary:  ossuary_minmay_four_chambers

Action                   |  1- 3 |  4- 6 |  7- 9 || total
-------------------------+-------+-------+-------++-------
Melee: Spear             |    80 |    76 |    61 ||   217
Evoke: Wand              |     1 |     9 |       ||    10
  Use: Potion            |     4 |     3 |     2 ||     9
       Scroll            |       |     3 |     3 ||     6
 Stab: Sleeping          |     6 |     4 |     2 ||    12
       Invisible         |       |       |     4 ||     4
  Eat: Chunk             |       |     4 |     1 ||     5
       Beef jerky        |       |       |     1 ||     1
